 Dungeon Crawl Stone Soup version 0.23.2-1-ga50397a6bc (webtiles) character file.

Game seed: 15927895119928369176

76 Mrkan the Chopper (level 4, 0/40 HPs)
             Began as a Hill Orc Monk on May 14, 2019.
             Slain by Terence
             ... wielding a +1 falchion of draining
              (8 damage)
             ... on level 2 of the Dungeon.
             The game lasted 00:02:59 (1902 turns).

Mrkan the Chopper (Hill Orc Monk)                   Turns: 1902, Time: 00:03:00

Health: 0/40       AC:  5    Str: 14    XL:     4   Next: 32%
Magic:  4/4        EV: 10    Int: 10    God:
Gold:   51         SH:  0    Dex: 13    Spells: 3/3 levels left

rFire    . . .     SeeInvis .   a - +0 hand axe
rCold    . . .     Gourm    .   (no shield)
rNeg     . . .     Faith    .   e - +0 ring mail
rPois    .         Spirit   .   (no helmet)
rElec    .         Reflect  .   (no cloak)
rCorr    .         Harm     .   (no gloves)
MR       .....                  (no boots)
Stlth    +.........             (no amulet)
HPRegen  0.13/turn              (no ring)
MPRegen  0.09/turn              (no ring)

@: heavily drained
A: no striking features
a: no special abilities


You were on level 2 of the Dungeon.
You were hungry.

You visited 1 branch of the dungeon, and saw 2 of its levels.

You collected 51 gold pieces.

Inventory:

Hand Weapons
 a - a +0 hand axe (weapon)
Armour
 b - a +0 robe
 e - a +0 ring mail (worn)
 n - a +0 pair of gloves
Scrolls
 f - 3 scrolls of identify {unknown}
 g - a scroll of amnesia {unknown}
 l - a scroll of remove curse {unknown}
 o - a scroll of immolation {unknown}
 p - a scroll of teleportation {unknown}
Potions
 d - a potion of berserk rage {unknown}
 h - a potion of resistance {unknown}
 i - a potion of curing {unknown}
 j - 2 potions of agility {unknown}
 k - a potion of heal wounds {unknown}
Comestibles
 c - 6 rations
 m - a chunk of flesh


   Skills:
 + Level 4.2(2.7) Fighting
 * Level 5.7(4.1) Axes
 * Level 1.5(0.1) Armour
 - Level 2.4(0.9) Dodging
 - Level 1.5(0.1) Stealth


You had 3 spell levels left.
You didn't know any spells.
Your spell library was empty.

Dungeon Overview and Level Annotations

Branches:
Dungeon (2/15)

Altars:

Annotations:
D:2 Terence


Message History

Terence hits you with a +1 falchion of draining!
* * * LOW HITPOINT WARNING * * *
You feel drained.
* * * LOW HITPOINT WARNING * * *
You hit Terence but do no damage.
Terence is severely wounded.
Terence zaps a wand.
The puff of flame misses you.
Your ring mail prevents you from hitting Terence.
Terence is severely wounded.
Terence misses you.
You barely miss Terence.
Terence is severely wounded.
Terence hits you but does no damage.
You feel drained.
You barely miss Terence.
Terence is severely wounded.
Terence barely misses you.
You hit Terence.
Terence is almost dead.
Terence hits you with a +1 falchion of draining!
You die...

....### #..#+## .......###.#...
..#... #............... #.##.#
..#.#. #.....$ ....... #..... #.#
# #..... ...#...## ###..† #.#
#####?#.###.......# ###+#. #.#
.................. #..... #
#####..........## .##..... #
#................ ........ #
#......†.@@..#.# .#...... #
+........(...#.###.#...... #
#...........(......#...... #
#..........((#........#.## #
#............+........#.#
############........##.......#.##
.......# #........####......[..
.##.##.# #........# #.........
.##.##.# #..(.....# #.........


You could see Terence.

Vanquished Creatures
  A worm (D:2)
  A dart slug (D:1)
  4 leopard geckos
  A ball python (D:1)
  4 bats
  5 giant cockroaches
  5 goblins (D:1)
  4 hobgoblins
  18 jackals
  5 kobolds
  3 frilled lizards
  3 rats
54 creatures vanquished.

Notes
Turn   | Place    | Note
-------+----------+-------------------------------------------
     0 | D:1      | Mrkan the Hill Orc Monk began the quest for the Orb.
     0 | D:1      | Reached XP level 1. HP: 19/19 MP: 1/1
    86 | D:1      | Reached XP level 2. HP: 6/27 MP: 2/2
   349 | D:1      | Reached skill level 1 in Armour
   383 | D:1      | Reached XP level 3. HP: 20/33 MP: 3/3
   705 | D:1      | Reached skill level 5 in Axes
  1622 | D:2      | Reached XP level 4. HP: 38/40 MP: 4/4
  1799 | D:2      | Noticed Terence
  1902 | D:2      | Slain by Terence

Skill      XL: |  1  2  3 |
---------------+----------+-----
Fighting       | 4 |  4.2
Armour         | 1 |  1.5
Axes           | 5 |  5.7
Dodging        | |  2.4
Stealth        | |  1.5

Action                   |  1- 3 |  4- 6 || total
-------------------------+-------+-------++-------
Melee: Hand axe          |   158 |    72 ||   230
 Stab: Sleeping          |     1 |       ||     1
  Eat: Chunk             |     2 |     1 ||     3
Armor: Robe              |    16 |       ||    16
       Ring mail         |    19 |    35 ||    54
Dodge: Dodged            |   119 |    47 ||   166
